 Dungeon Crawl Stone Soup version 0.27-a0-1200-g94dc6ad (webtiles) character file.

Game seed: 8681716726064386935

57 Meow the Stinger (level 4, 36/36 HPs)
             Began as a Naga Venom Mage on June 1, 2021.
             Quit the game on level 2 of the Dungeon.
             The game lasted 00:04:46 (1819 turns).

Meow the Stinger (Naga Venom Mage)                  Turns: 1819, Time: 00:04:47

Health: 36/36      AC:  3    Str: 10    XL:     4   Next: 0%
Magic:  8/8        EV: 10    Int: 16    God:
Gold:   902        SH:  0    Dex: 12    Spells: 2/9 levels left

rFire    . . .     SeeInvis +   a - +0 rapier
rCold    . . .     Faith    .   (no shield)
rNeg     . . .     Spirit   .   e - +0 robe
rPois    +         Reflect  .   (no helmet)
rElec    .         Harm     .   (no cloak)
rCorr    .         Rampage  .   d - +0 pair of gloves
Will     .....                  (no barding)
Stlth    ++........             (no amulet)
HPRegen  0.12/turn              (no ring)
MPRegen  0.11/turn              (no ring)

@: very slow
A: AC +1, large, see invisible, deformed body, poison resistance, slowness 2,
spit poison 1, naga tail 1
a: Spit Poison


You were on level 2 of the Dungeon.
You visited 1 branch of the dungeon, and saw 2 of its levels.

You collected 902 gold pieces.

Inventory:

Hand Weapons
 a - a +0 rapier (weapon)
Missiles
 f - 29 poisoned darts (quivered)
 i - 25 arrows
Armour
 d - a +0 pair of gloves (worn)
 e - a +0 robe (worn)
Scrolls
 c - a scroll of teleportation {unknown}
 h - a scroll of magic mapping
 j - a scroll of identify
Potions
 b - 3 potions of heal wounds
 g - a potion of curing {unknown}


   Skills:
 - Level 1.5 Dodging
 - Level 3.0 Stealth
 + Level 3.0 Spellcasting
 + Level 2.2 Conjurations
 - Level 1.0 Transmutations
 - Level 4.0 Poison Magic


You had 2 spell levels left.
You knew the following spells:

 Your Spells              Type           Power      Damage    Failure   Level
a - Sting                 Tmut/Pois      40%        1d5       7%          1
c - Mephitic Cloud        Conj/Pois/Air  9%         N/A       24%         3
C - Ignite Poison         Fire/Tmut/Pois 7%         N/A       28%         3

Your spell library contained the following spells:

 Spells                   Type           Power      Damage    Failure   Level
 Poisonous Vapours        Pois/Air       16%        N/A       12%         2
 Sandblast                Erth           4%         2d4       19%         1
 Passwall                 Tmut/Erth      3%         N/A       22%         2
 Corpse Rot               Necr/Air       N/A        N/A       28%         2
 Stone Arrow              Conj/Erth      12%        3d7       34%         3
 Olgreb's Toxic Radiance  Pois           15%        N/A       34%         4
 Petrify                  Tmut/Erth      4%         N/A       83%         4
 Leda's Liquefaction      Hex/Erth       1%         N/A       88%         4
 Summon Lightning Spire   Summ/Air       2%         N/A       88%         4
 Lee's Rapid Deconstruct  Erth           1%         3d5*      99%         5


Dungeon Overview and Level Annotations

Branches:
Dungeon (2/15)

Altars:


Innate Abilities, Weirdness & Mutations

Your serpentine skin is tough. (AC +1)
You have supernaturally acute eyesight. (SInv)
Armour fits poorly on your strangely shaped body.
Your system is resistant to poisons. (rPois)
You cover ground very slowly.
You can spit poison.
You have a snake-like lower body.


Message History

The adder is almost dead.
You have got your breath back.
The adder bites you.
Press: ? - help, Shift-Dir - straight line, f/p - adder
Aim: an adder (almost dead, very poisoned)
The splash of poison misses the adder.
You kill the adder!
Your Spellcasting skill increases to level 3!
Unknown command.
Unknown command.
You start resting.
You have got your breath back.
You start resting.
Magic restored.
You start resting.
HP restored.
Things that are here:
a +0 dagger; a +0 dagger; a goblin corpse Key pressed, stopping explore.
A giant cockroach comes into view.
A giant cockroach is nearby!
Press: ? - help, Shift-Dir - straight line, f - giant cockroach
Aim: a giant cockroach (asleep)
The splash of poison hits the giant cockroach.
The giant cockroach is poisoned.
The giant cockroach is moderately wounded.
Unknown command.
Casting: Sting (safe; 7% risk of failure)
Confirm with . or Enter, or press ? or * to list all spells.
Aiming: Sting (safe; 7% risk of failure)
Press: ? - help, Shift-Dir - straight line, f/p - giant cockroach
Aim: a giant cockroach (heavily wounded, poisoned, 71% to hit)
The sting hits the giant cockroach.
The giant cockroach looks even sicker.
You kill the giant cockroach!
You have reached level 4!
You feel agile.
You have got your breath back.
Magic restored.
Found a stone staircase leading up.
Are you sure you want to abandon this character and quit the game? (Confirm with "yes".)

..#.# #<.# #.#.#
#..# #.#.# #..#
#.#.# #..# #.#.#
#..###.#.#####
#............#
#..###.#####.#
#@.# #.#####)####
#..###.##.......#
#.........#...#.#
#.####.##.##.##.##
#.# #....#####...
#.# ####.# #.##
#.# #.#####... #.#
#....<..## #.#
####.####


There were no monsters in sight!

Vanquished Creatures
  An adder (D:2)
  A worm (D:2)
  3 bats
  4 endoplasms
  4 giant cockroaches
  4 goblins (D:2)
  4 hobgoblins
  3 jackals (D:2)
  3 kobolds
  3 quokkas (D:2)
  3 ball pythons
  2 frilled lizards (D:1)
  4 rats
39 creatures vanquished.

Vanquished Creatures (others)
  An octopode (D:1)
  A vampire (D:1)
  A spriggan (D:1)
  A human (D:1)
  A dwarf (D:1)
  An ogre (D:1)
  2 centaurs (D:1)
  A mummy (D:1)
  3 orcs (D:1)
  4 tentacles (D:1)
16 creatures vanquished.

Grand Total: 55 creatures vanquished

Notes
Turn   | Place    | Note
-------+----------+-------------------------------------------
     0 | D:1      | Meow the Naga Venom Mage began the quest for the Orb.
     0 | D:1      | Reached XP level 1. HP: 15/15 MP: 3/3
     0 | D:1      | Noticed a human
     0 | D:1      | Noticed a centaur
     0 | D:1      | Noticed a vampire
     0 | D:1      | Noticed a kraken
     0 | D:1      | Noticed a spriggan
     0 | D:1      | Noticed a dwarf
     0 | D:1      | Noticed an ogre
     0 | D:1      | Noticed a centaur
     0 | D:1      | Noticed an octopode
     1 | D:1      | Killed a human
     5 | D:1      | Killed an octopode
     5 | D:1      | Killed a centaur
     7 | D:1      | Killed a dwarf
     7 | D:1      | Killed a vampire
     7 | D:1      | Killed a centaur
     7 | D:1      | Killed a spriggan
     8 | D:1      | Killed an ogre
   273 | D:1      | Reached skill level 1 in Conjurations
   273 | D:1      | Reached XP level 2. HP: 22/22 MP: 5/5
   278 | D:1      | Found a faded altar of an unknown god.
   426 | D:1      | Identified the Disquisition on Dusty Weightlessness
   894 | D:1      | Identified a scroll of acquirement
   898 | D:1      | Acquired 842 gold pieces
  1184 | D:2      | Reached XP level 3. HP: 28/28 MP: 6/6
  1188 | D:2      | Learned a level 3 spell: Mephitic Cloud
  1192 | D:2      | Learned a level 3 spell: Ignite Poison
  1785 | D:2      | Reached XP level 4. HP: 36/36 MP: 6/8
  1819 | D:2      | Quit the game

Illustrated notes

Levels and vault maps discovered:
D:1:      nicolae_arrival_kraken_aquarium_a, layout_loops_corners,
          chequers_ecumenical_altar_island
D:2:      layout_loops_ring, kennysheep_flooded_box, minmay_close_crescents

Skill      XL: |  1  2  3 |
---------------+----------+-----
Conjurations   | 1 2 |  2.2
Spellcasting   | 3 |  3.0
Dodging        | |  1.5
Stealth        | |  3.0
Transmutations | |  1.0
Poison Magic   | |  4.0

Action                   |  1- 3 |  4- 6 || total
-------------------------+-------+-------++-------
Melee: Dagger            |     3 |       ||     3
       Rapier            |     2 |       ||     2
 Cast: Sting             |    30 |       ||    30
 Abil: Spit Poison       |    40 |       ||    40
  Use: Scroll            |     4 |       ||     4
Armor: Robe              |     7 |       ||     7
Dodge: Dodged            |     4 |       ||     4

Table legend: (Time is in decaauts)
 A = Elapsed time spent in this place.
 B = Non-inter-level travel time spent in this place.
 C = Inter-level travel time spent in this place.
 D = Time resting spent in this place.
 E = Time spent auto-exploring this place.
 F = Levels seen in this place.
 G = Mean time per level.
                   A        B        C        D        E       F      G
               +--------+--------+--------+--------+--------+-----+--------+
         Total |   2280 |   2238 |     42 |    518 |   1408 |   2 | 1140.0 |
       Dungeon |   2280 |   2238 |     42 |    518 |   1408 |   2 | 1140.0 |
               +--------+--------+--------+--------+--------+-----+--------+

Top non-repeatable levels by time:
     D:1: 1416 daAuts
     D:2: 864 daAuts
